MLB
DETROIT TIGERS @ MILWAUKEE BREWERS
08/17/2049
 
TOP OF THE 1ST
Detroit Tigers batting - Pitching for Milwaukee Brewers : LHP Danny Lawson
Pitching: LHP Danny Lawson
Batting: LHB Dave Carlisle 0-0: SINGLE (Line Drive, 3D, EV 96.2 MPH)
Batting: RHB Victor Quinones 0-0: Foul Ball, location: 2F
0-1: Foul Ball, location: 2F
0-2: Foul Ball, location: 2F
0-2: Ball
1-2: Ball
2-2: Foul Ball, location: 2F
2-2: Ball
3-2: Foul Ball, location: 2F
3-2: Fly out, F8 (Line Drive, 8LM, EV 98.8 MPH)
Batting: RHB Chris Wheatley 0-0: Ball
1-0: Ball
2-0: TRIPLE (Flyball, 9D, EV 108.8 MPH)
Dave Carlisle scores
Batting: RHB Dan Friess 0-0: Swinging Strike
0-1: Ball
1-1: Called Strike
1-2: Strikes out looking
Batting: RHB Michel Martineau 0-0: Ground out 4-3 (Groundball, 4, EV 88.8 MPH)
Top of the 1st over - 1 run, 2 hits, 0 errors, 1 left on base; Detroit 1 - Milwaukee 0
BOTTOM OF THE 1ST
Milwaukee Brewers batting - Pitching for Detroit Tigers : RHP Andy Miller
Pitching: RHP Andy Miller
Batting: LHB Jason Peck 0-0: Called Strike
0-1: Ball
1-1: Ball
2-1: Foul Ball, location: 2F
2-2: Ball
3-2: Base on Balls
Batting: SHB Lewis Thorpe Jr. 0-0: Ball
1-0: Ball
2-0: Ball
3-0: Foul Ball, location: 2F
3-1: Hit by Pitch
Jason Peck to second
Batting: RHB Joel Haycock 0-0: 3-RUN HOME RUN (Flyball, 7D, EV 98.1 MPH), Distance : 390 ft
Batting: RHB Dave Gonzalez 0-0: Ball
1-0: Ball
2-0: SINGLE (Line Drive, 8LS, EV 110.6 MPH)
Batting: RHB Daniel Donovan 0-0: Ball
1-0: Ball
2-0: Called Strike
2-1: Called Strike
2-2: Ball
3-2: Base on Balls
Dave Gonzalez to second
Batting: LHB Alfredo de la Cruz 0-0: Foul Ball, location: 2F
0-1: Swinging Strike
0-2: Grounds into double play, 4-6-3 (Groundball, 4S, EV 90.6 MPH)
Dave Gonzalez to third
Batting: RHB Mike Ball 0-0: Swinging Strike
0-1: Ball
1-1: Foul Ball, location: 2F
1-2: Ball
2-2: Ball
3-2: Foul Ball, location: 2F
3-2: Foul Ball, location: 2F
3-2: Foul Ball, location: 2F
3-2: Foul Ball, location: 2F
3-2: Strikes out looking
Bottom of the 1st over - 3 runs, 2 hits, 0 errors, 1 left on base; Detroit 1 - Milwaukee 3
TOP OF THE 2ND
Detroit Tigers batting - Pitching for Milwaukee Brewers : LHP Danny Lawson
Batting: RHB Andres Leon 0-0: Called Strike
0-1: Ball
1-1: Ball
2-1: Ball
3-1: Ground out 6-3 (Groundball, 56D, EV 83.1 MPH)
Batting: RHB Sam Saunders 0-0: Foul Ball, location: 2F
0-1: Fly out, F7 (Flyball, 7, EV 76.9 MPH)
Batting: LHB Tyler Davis 0-0: Ball
1-0: Foul Ball, location: 2F
1-1: Ball
2-1: Called Strike
2-2: Foul Ball, location: 2F
2-2: Foul Ball, location: 2F
2-2: Strikes out swinging
Top of the 2nd over - 0 runs, 0 hits, 0 errors, 0 left on base; Detroit 1 - Milwaukee 3
BOTTOM OF THE 2ND
Milwaukee Brewers batting - Pitching for Detroit Tigers : RHP Andy Miller
Batting: RHB Kisho Ito 0-0: Ball
1-0: Ball
2-0: Foul Ball, location: 2F
2-1: Ground out U3 (Groundball, 3S, EV 72.5 MPH)
Batting: RHB Naofumi Ishida 0-0: Fly out, F8 (Flyball, 8RM, EV 86.9 MPH)
Batting: LHB Jason Peck 0-0: Swinging Strike
0-1: Ball
1-1: SINGLE (Groundball, 34S, EV 62.5 MPH) (infield hit)
Batting: SHB Lewis Thorpe Jr. 0-0: Ball
1-0: Ball
2-0: Called Strike
2-1: Called Strike
Jason Peck steals 2nd base
2-2: Ball
3-2: Fly out, F7 (Flyball, 78S, EV 87.5 MPH)
Bottom of the 2nd over - 0 runs, 1 hit, 0 errors, 1 left on base; Detroit 1 - Milwaukee 3
TOP OF THE 3RD
Detroit Tigers batting - Pitching for Milwaukee Brewers : LHP Danny Lawson
Batting: RHB Brady Jeleniewski 0-0: Fly out, F8 (Flyball, 8RM, EV 95.0 MPH)
Batting: LHB Dave Carlisle 0-0: Ball
1-0: SINGLE (Flyball, 9LS, EV 96.9 MPH)
Batting: RHB Victor Quinones 0-0: Ball
1-0: Ball
2-0: SINGLE (Line Drive, 56, EV 95.6 MPH)
Dave Carlisle to second
Batting: RHB Chris Wheatley 0-0: Called Strike
0-1: Ball
1-1: Ball
2-1: Ball
3-1: Base on Balls
Dave Carlisle to third
Victor Quinones to second
Batting: RHB Dan Friess 0-0: Swinging Strike
0-1: Ball
1-1: Ball
2-1: Ball
3-1: Fly out, F8 (Flyball, 8RD, EV 90.0 MPH)
Runner from 3rd tags up, SCORES, throw by CF
Batting: RHB Michel Martineau 0-0: Foul Ball, location: 2F
0-1: Ball
1-1: Swinging Strike
1-2: Strikes out swinging
Top of the 3rd over - 1 run, 2 hits, 0 errors, 2 left on base; Detroit 2 - Milwaukee 3
BOTTOM OF THE 3RD
Milwaukee Brewers batting - Pitching for Detroit Tigers : RHP Andy Miller
Batting: RHB Joel Haycock 0-0: Ball
1-0: Ball
2-0: Foul Ball, location: 2F
2-1: Ball
3-1: Called Strike
3-2: Ground out 5-3 (Groundball, 56, EV 97.5 MPH)
Batting: RHB Dave Gonzalez 0-0: Foul Ball, location: 2F
0-1: Ball
1-1: Ball
2-1: Swinging Strike
2-2: Ball
3-2: SINGLE (Line Drive, 6MD, EV 103.8 MPH)
Batting: RHB Daniel Donovan 0-0: Called Strike
0-1: SINGLE (Flyball, 7, EV 93.8 MPH)
Dave Gonzalez to second
Batting: LHB Alfredo de la Cruz 0-0: Ball
1-0: Ball
2-0: Ball
3-0: Called Strike
3-1: SINGLE (Groundball, 3D, EV 98.8 MPH)
Dave Gonzalez to third
Daniel Donovan to second
Runner from 3rd tries for Home, SAFE, throw by RF to home
Batting: RHB Mike Ball 0-0: SINGLE (Groundball, 4M, EV 97.5 MPH) (infield hit)
Daniel Donovan to third
Alfredo de la Cruz to second
Batting: RHB Kisho Ito 0-0: SINGLE (Groundball, 5D, EV 96.9 MPH)
Daniel Donovan scores
Alfredo de la Cruz to third
Mike Ball to second
Runner from 3rd tries for Home, SAFE, throw by LF to home
Pitching: RHP Steve McGaughey
Batting: RHB Naofumi Ishida 0-0: Ball
1-0: Ball
2-0: Foul Ball, location: 2F
2-1: Ball
3-1: Base on Balls
Mike Ball to third
Kisho Ito to second
Batting: LHB Jason Peck 0-0: Ball
1-0: Ball
2-0: Called Strike
2-1: Ball
3-1: Foul Ball, location: 2F
3-2: Fly out, F9 (Flyball, 9LSF, EV 87.5 MPH)
Batting: SHB Lewis Thorpe Jr. 0-0: Ball
1-0: Ball
2-0: Called Strike
2-1: Swinging Strike
2-2: Strikes out swinging
Bottom of the 3rd over - 3 runs, 5 hits, 0 errors, 3 left on base; Detroit 2 - Milwaukee 6
TOP OF THE 4TH
Detroit Tigers batting - Pitching for Milwaukee Brewers : LHP Danny Lawson
Batting: RHB Andres Leon 0-0: Ball
1-0: Ball
2-0: Ball
3-0: Base on Balls
Batting: RHB Sam Saunders 0-0: Called Strike
0-1: Ball
1-1: Ball
2-1: Foul Ball, location: 2F
2-2: Foul Ball, location: 2F
2-2: Ball
3-2: Base on Balls
Andres Leon to second
Batting: LHB Tyler Davis 0-0: Swinging Strike
0-1: Called Strike
0-2: Foul Ball, location: 2F
0-2: Foul Ball, location: 2F
0-2: Strikes out swinging
Batting: RHB Brady Jeleniewski 0-0: Ball
1-0: Foul Ball, location: 2F
1-1: Ball
2-1: Ball
3-1: SINGLE (Line Drive, 7S, EV 97.5 MPH)
Andres Leon to third
Sam Saunders to second
Runner from 3rd tries for Home, SAFE, throw by LF to home
Batting: LHB Dave Carlisle 0-0: Fly out, F8 (Flyball, 8LXD, EV 93.1 MPH)
Runner from 2nd tags up, SAFE at 3rd, no throw by CF
Batting: RHB Victor Quinones 0-0: 3-RUN HOME RUN (Line Drive, 7LD, EV 100.0 MPH), Distance : 372 ft
Pitching: LHP Dale Ahernfeld
Batting: RHB Chris Wheatley 0-0: Foul Ball, location: 2F
0-1: Ball
1-1: Swinging Strike
1-2: Foul Ball, location: 2F
1-2: Foul Ball, location: 2F
1-2: Foul Ball, location: 2F
1-2: Ball
2-2: Ball
3-2: Fly out, F9 (Flyball, 9, EV 88.8 MPH)
Top of the 4th over - 4 runs, 2 hits, 0 errors, 0 left on base; Detroit 6 - Milwaukee 6
BOTTOM OF THE 4TH
Milwaukee Brewers batting - Pitching for Detroit Tigers : RHP Steve McGaughey
Batting: RHB Joel Haycock 0-0: Called Strike
0-1: Ball
1-1: Foul Ball, location: 2F
1-2: Ball
2-2: Fly out, F7 (Flyball, 78M, EV 85.6 MPH)
Batting: RHB Dave Gonzalez 0-0: Fly out, F8 (Flyball, 78M, EV 90.6 MPH)
Batting: RHB Daniel Donovan 0-0: Ball
1-0: Foul Ball, location: 2F
1-1: Called Strike
1-2: Ground out 6-3 (Groundball, 6M, EV 101.9 MPH)
Bottom of the 4th over - 0 runs, 0 hits, 0 errors, 0 left on base; Detroit 6 - Milwaukee 6
TOP OF THE 5TH
Detroit Tigers batting - Pitching for Milwaukee Brewers : LHP Dale Ahernfeld
Batting: RHB Dan Friess 0-0: Swinging Strike
0-1: Ball
1-1: Called Strike
1-2: DOUBLE (Line Drive, 9LS, EV 108.1 MPH)
Batting: RHB Michel Martineau 0-0: Foul Ball, location: 2F
0-1: Called Strike
0-2: Foul Ball, location: 2F
0-2: Ball
1-2: Ball
2-2: Fly out, F7 (Flyball, 7LSF, EV 83.8 MPH)
Batting: RHB Andres Leon 0-0: Foul Ball, location: 2F
0-1: Ball
1-1: Ball
2-1: Ball
3-1: SINGLE (Groundball, 6MS, EV 75.0 MPH) (infield hit)
Dan Friess to third
Batting: RHB Sam Saunders 0-0: SINGLE (Groundball, 6M, EV 102.5 MPH) (infield hit)
Dan Friess scores
Andres Leon to second
Batting: LHB Tyler Davis 0-0: Called Strike
Andres Leon steals 3rd base (no throw)
Sam Saunders to second
0-1: Swinging Strike
0-2: Strikes out looking
Batting: RHB Brady Jeleniewski 0-0: Ball
1-0: Ball
2-0: Foul Ball, location: 2F
2-1: Ball
3-1: Base on Balls
Batting: LHB Dave Carlisle 0-0: Fly out, F7 (Line Drive, 7S, EV 95.0 MPH)
Top of the 5th over - 1 run, 3 hits, 0 errors, 3 left on base; Detroit 7 - Milwaukee 6
BOTTOM OF THE 5TH
Milwaukee Brewers batting - Pitching for Detroit Tigers : RHP Steve McGaughey
Batting: LHB Alfredo de la Cruz 0-0: Ball
1-0: Called Strike
1-1: Ball
2-1: Called Strike
2-2: Strikes out swinging
Batting: RHB Mike Ball 0-0: Ball
1-0: Foul Ball, location: 2F
1-1: Ball
2-1: Foul Ball, location: 2F
2-2: Ball
3-2: DOUBLE (Line Drive, 7LM, EV 106.2 MPH)
Batting: RHB Kisho Ito 0-0: Swinging Strike
0-1: Ball
1-1: Called Strike
1-2: Foul Ball, location: 2F
1-2: Foul Ball, location: 2F
1-2: Ball
2-2: Foul Ball, location: 2F
2-2: Strikes out swinging
Batting: RHB Naofumi Ishida 0-0: Fly out, F8 (Flyball, 8RM, EV 85.6 MPH)
Bottom of the 5th over - 0 runs, 1 hit, 0 errors, 1 left on base; Detroit 7 - Milwaukee 6
TOP OF THE 6TH
Detroit Tigers batting - Pitching for Milwaukee Brewers : LHP Dale Ahernfeld
Batting: RHB Victor Quinones 0-0: Called Strike
0-1: Foul Ball, location: 2F
0-2: Ball
1-2: SINGLE (Line Drive, 89S, EV 93.8 MPH)
Batting: RHB Chris Wheatley 0-0: Called Strike
0-1: Ball
1-1: DOUBLE (Groundball, 5L, EV 93.8 MPH)
Victor Quinones to third
Batting: RHB Dan Friess 0-0: Swinging Strike
0-1: Ball
1-1: Foul Ball, location: 2F
1-2: Fly out, F8 (Flyball, 8RD, EV 95.6 MPH)
Runner from 3rd tags up, SCORES, throw by CF
Batting: RHB Michel Martineau 0-0: Ball
1-0: Called Strike
1-1: Fly out, F8 (Flyball, 8RM, EV 93.1 MPH)
Batting: RHB Andres Leon 0-0: Ball
1-0: Ball
2-0: Ball
3-0: Called Strike
3-1: Base on Balls
Pitching: RHP Javy Uribe
Batting: RHB Sam Saunders 0-0: Ball
1-0: Ball
2-0: Called Strike
2-1: Foul Ball, location: 2F
2-2: Strikes out swinging
Top of the 6th over - 1 run, 2 hits, 0 errors, 2 left on base; Detroit 8 - Milwaukee 6
BOTTOM OF THE 6TH
Milwaukee Brewers batting - Pitching for Detroit Tigers : RHP Steve McGaughey
Batting: LHB Jason Peck 0-0: Ball
1-0: Ball
2-0: Ball
3-0: Base on Balls
Batting: SHB Lewis Thorpe Jr. 0-0: SINGLE (Groundball, 3S, EV 67.5 MPH) (infield hit)
Jason Peck to second
Batting: RHB Joel Haycock 0-0: Ball
1-0: Ball
2-0: Called Strike
2-1: Ball
3-1: Base on Balls
Jason Peck to third
Lewis Thorpe Jr. to second
Pitching: RHP Gilberto Dominguez
Batting: RHB Dave Gonzalez 0-0: Ball
1-0: Foul Ball, location: 2F
1-1: Ball
2-1: DOUBLE (Groundball, 5D, EV 95.0 MPH)
Jason Peck scores
Lewis Thorpe Jr. scores
Joel Haycock to third
Batting: RHB Daniel Donovan 0-0: Ball
1-0: Ball
2-0: Ball
3-0: Called Strike
3-1: Base on Balls
Batting: LHB Alfredo de la Cruz 0-0: Swinging Strike
0-1: Ball
1-1: Foul Ball, location: 2F
1-2: SINGLE (Groundball, 6MD, EV 101.9 MPH)
Joel Haycock scores
Dave Gonzalez to third
Daniel Donovan to second
Batting: RHB Mike Ball 0-0: Called Strike
0-1: Ball
1-1: Swinging Strike
1-2: Ball
2-2: Ball
3-2: DOUBLE (Line Drive, 5D, EV 97.5 MPH)
Dave Gonzalez scores
Daniel Donovan scores
Alfredo de la Cruz to third
Pitching: LHP Josh Thorpe
Batting: RHB Kisho Ito 0-0: Called Strike
0-1: Ball
1-1: Ground out 5-3 (Groundball, 5, EV 82.5 MPH)
Batting: RHB Naofumi Ishida 0-0: Called Strike
0-1: Ground out 6-3 (Groundball, 6, EV 87.5 MPH)
Alfredo de la Cruz scores
Mike Ball to third
Batting: LHB Jason Peck 0-0: Called Strike
0-1: Ball
1-1: Ball
2-1: Ball
3-1: Called Strike
3-2: 2-RUN HOME RUN (Flyball, 89XD, EV 100.6 MPH), Distance : 426 ft
Batting: SHB Lewis Thorpe Jr. 0-0: Ball
1-0: Ball
2-0: Ball
3-0: Base on Balls
Batting: RHB Joel Haycock 0-0: Called Strike
0-1: Hit by Pitch
Lewis Thorpe Jr. to second
Batting: RHB Dave Gonzalez 0-0: Ball
1-0: Ball
2-0: Ball
3-0: Called Strike
3-1: Foul Ball, location: 2F
3-2: Foul Ball, location: 2F
3-2: Strikes out swinging
Bottom of the 6th over - 8 runs, 5 hits, 0 errors, 2 left on base; Detroit 8 - Milwaukee 14
TOP OF THE 7TH
Detroit Tigers batting - Pitching for Milwaukee Brewers : RHP Javy Uribe
Batting: LHB Tyler Davis 0-0: SINGLE (Line Drive, 9S, EV 113.1 MPH)
Batting: RHB Brady Jeleniewski 0-0: Called Strike
0-1: Ball
1-1: 2-RUN HOME RUN (Flyball, 7D, EV 100.0 MPH), Distance : 384 ft
Batting: LHB Dave Carlisle 0-0: Ball
1-0: Ball
2-0: Fly out, F6 (Popup, 6MD, EV 56.9 MPH)
Batting: RHB Victor Quinones 0-0: Fly out, F7 (Flyball, 7LS, EV 87.5 MPH)
Batting: RHB Chris Wheatley 0-0: DOUBLE (Flyball, 89D, EV 93.8 MPH)
Batting: RHB Dan Friess 0-0: Ground out 6-3 (Groundball, P, EV 93.1 MPH)
Top of the 7th over - 2 runs, 3 hits, 0 errors, 1 left on base; Detroit 10 - Milwaukee 14
BOTTOM OF THE 7TH
Milwaukee Brewers batting - Pitching for Detroit Tigers : LHP Josh Thorpe
Pitching: RHP Caleb Franklin
Batting: RHB Daniel Donovan 0-0: Fly out, F8 (Flyball, 8LD, EV 85.0 MPH)
Batting: LHB Alfredo de la Cruz 0-0: Ground out 4-3 (Groundball, 4, EV 88.8 MPH)
Batting: RHB Mike Ball 0-0: Called Strike
0-1: SINGLE (Groundball, 56D, EV 100.6 MPH)
Batting: RHB Kisho Ito 0-0: Called Strike
0-1: Ball
1-1: Ball
2-1: Swinging Strike
2-2: Strikes out swinging
Bottom of the 7th over - 0 runs, 1 hit, 0 errors, 1 left on base; Detroit 10 - Milwaukee 14
TOP OF THE 8TH
Detroit Tigers batting - Pitching for Milwaukee Brewers : RHP Javy Uribe
Pitching: RHP Jeff Urry
Batting: RHB Michel Martineau 0-0: Called Strike
0-1: Ball
1-1: Called Strike
1-2: Foul Ball, location: 2F
1-2: Ball
2-2: Strikes out looking
Batting: RHB Andres Leon 0-0: Fly out, F7 (Flyball, 7, EV 87.5 MPH)
Batting: RHB Sam Saunders 0-0: Fly out, F8 (Line Drive, 8RD, EV 100.6 MPH)
Top of the 8th over - 0 runs, 0 hits, 0 errors, 0 left on base; Detroit 10 - Milwaukee 14
BOTTOM OF THE 8TH
Milwaukee Brewers batting - Pitching for Detroit Tigers : RHP Caleb Franklin
Batting: RHB Naofumi Ishida 0-0: Called Strike
0-1: Foul Ball, location: 2F
0-2: Ball
1-2: Fly out, F4 (Popup, 4, EV 64.4 MPH)
Batting: LHB Jason Peck 0-0: Ball
1-0: Swinging Strike
1-1: Ball
2-1: Ball
3-1: Foul Ball, location: 2F
3-2: Base on Balls
Batting: SHB Lewis Thorpe Jr. 0-0: Ball
1-0: Called Strike
Jason Peck steals 2nd base
1-1: Ball
2-1: Ball
Jason Peck steals 3rd base
3-1: Foul Ball, location: 2F
3-2: SINGLE (Groundball, 6S, EV 64.4 MPH) (infield hit)
Jason Peck scores
Batting: RHB Joel Haycock 0-0: Called Strike
0-1: Ball
Lewis Thorpe Jr. is caught stealing 2nd base 2-4
1-1: SINGLE (Groundball, 56D, EV 96.2 MPH)
Batting: RHB Dave Gonzalez 0-0: Ball
1-0: Ground out 6-3 (Groundball, 6S, EV 64.4 MPH)
Bottom of the 8th over - 1 run, 2 hits, 0 errors, 1 left on base; Detroit 10 - Milwaukee 15
TOP OF THE 9TH
Detroit Tigers batting - Pitching for Milwaukee Brewers : RHP Jeff Urry
Batting: LHB Tyler Davis 0-0: Foul Ball, location: 2F
0-1: Ball
1-1: Fly out, F8 (Line Drive, 8RD, EV 101.9 MPH)
Batting: RHB Brady Jeleniewski 0-0: Ball
1-0: Ball
2-0: Foul Ball, location: 2F
2-1: Foul Ball, location: 2F
2-2: Strikes out swinging
Batting: LHB Dave Carlisle 0-0: Called Strike
0-1: Swinging Strike
0-2: Strikes out swinging
Top of the 9th over - 0 runs, 0 hits, 0 errors, 0 left on base; Detroit 10 - Milwaukee 15
Sunday, July 16th , 2023 - OOTP Baseball 24.6 Build 69